 Dungeon Crawl Stone Soup version 0.25-a0-41-g6cf4ce537d (webtiles) character file.

Game seed: 16567368935811085051, levelgen mode: deterministic

126676 Amnesiac the Brawler (level 16, -1/182 HPs)
             Began as a Troll Monk on Oct 21, 2019.
             Was the Champion of Ru.
             Slain by a wolf spider (21 damage)
             ... on level 3 of the Spider Nest.
             The game lasted 00:56:44 (21491 turns).

Amnesiac the Brawler (Troll Monk)                  Turns: 21491, Time: 00:56:44

Health: -1/182     AC: 14    Str: 21    XL:     16   Next: 44%
Magic:  0/23       EV: 20    Int:  6    God:    Ru [******]
Gold:   484        SH:  0    Dex: 22    Spells: 15/15 levels left

rFire    . . .     SeeInvis +     - Unarmed
rCold    . . .     Gourm    +   (shield unavailable)
rNeg     . . .     Faith    .   o - +4 moon troll leather armour {Spirit, Regen++ MP+5}
rPois    +         Spirit   +   F - +0 hat
rElec    .         Reflect  .   v - +1 cloak
rCorr    .         Harm     +   (gloves unavailable)
MR       +....     Clarity  +   (boots unavailable)
Stlth    ++........             S - amulet of harm
HPRegen  1.60/turn              (ring unavailable)
MPRegen  0.18/turn              E - ring of Peileoxu {Dex+5 SInv}

@: exhausted
A: large, unfitting armour, claws 3, blurry vision 1, clarity, fast metabolism
3, gourmand, poison resistance, regeneration 1, robust 1, shaggy fur 1, tough
skin 3, weak 1, missing a hand, no ice magic, no translocations magic, no
transmutations magic, inexperienced 1
a: Draw Out Power, Power Leap, Apocalypse, Renounce Religion


You were on level 3 of the Spider Nest.
You worshipped Ru.
Ru was exalted by your worship.
You were full.

You visited 5 branches of the dungeon, and saw 27 of its levels.
You visited the Abyss 1 time.

You collected 2376 gold pieces.
You spent 1892 gold pieces at shops.

Inventory:

Missiles
 t - 135 poisoned darts (quivered)
 D - 7 atropa-tipped darts
Armour
 f - the +1 robe of Altruism {rPois rF++ Str+3}
   (You found it on level 7 of the Dungeon)

   It affects your strength (+3).
   It greatly protects you from fire.
   It protects you from poison.
 o - the +4 moon troll leather armour (worn) {Spirit, Regen++ MP+5}
   (You bought it in a shop on level 2 of the Orcish Mines)

   It affects your magic capacity (+5).
   It increases your rate of regeneration.
 v - a +1 cloak (worn)
 A - a +2 robe of cold resistance
 F - a +0 hat (worn)
Jewellery
 E - the ring of Peileoxu (right claw) {Dex+5 SInv}
   (You found it on level 6 of the Dungeon)

   [ring of dexterity]

   It affects your dexterity (+5).
   It lets you see invisible.
 H - the ring "Nuerch" {rN+ Str+7 Int-4}
   (You found it on level 9 of the Dungeon)

   [ring of positive energy]

   It affects your strength (+7).
   It affects your intelligence (-4).
   It protects you from negative energy.
 S - an amulet of harm (around neck)
 V - an uncursed ring of wizardry
 W - an uncursed ring of ice {unknown}
Wands
 e - a wand of digging (5)
 j - a wand of disintegration (22)
 r - a wand of polymorph (8)
 C - a wand of enslavement (10)
 N - a wand of flame (16)
 P - a wand of paralysis (14)
 Q - a wand of iceblast (17)
Scrolls
 c - 12 scrolls of identify {!r}
 g - 12 scrolls of teleportation {!r}
 k - 13 scrolls of remove curse {!r}
 n - 7 scrolls of enchant armour {!r}
 q - a scroll of vulnerability {!r}
 s - 2 scrolls of fear {!r}
 u - a scroll of noise {!r}
 w - a scroll of enchant weapon {!r}
 y - 3 scrolls of amnesia {!r}
 z - a scroll of fog {!r}
 J - a scroll of holy word {!r, unknown}
 K - a scroll of silence {!r}
 L - 2 scrolls of magic mapping {!r}
 M - 2 scrolls of summoning {!r}
 O - 2 scrolls of brand weapon {!r}
Potions
 a - 2 potions of berserk rage {!q}
 d - 5 potions of heal wounds {!q}
 h - 7 potions of might {!q}
 i - 2 potions of agility {!q}
 l - a potion of curing {!q}
 m - 3 potions of brilliance {!q}
 p - 4 potions of mutation {!q}
 x - 3 potions of haste {!q}
 B - 5 potions of flight {!q}
 I - a potion of magic {!q}
 U - 2 potions of invisibility {!q}
Miscellaneous
 G - 2 boxes of beasts
 R - a lamp of fire
 T - a lightning rod (4/4)
Comestibles
 b - 55 rations


   Skills:
 + Level 12.3 Fighting
 + Level 12.3 Dodging
 - Level 1.0 Stealth
 * Level 20.0 Unarmed Combat
 - Level 5.0 Evocations


You had 15 spell levels left.
You didn't know any spells.
Your spell library contained the following spells:

 Spells                   Type           Power        Failure   Level  Hunger
 Confusing Touch          Hex            #.....       50%         1    ##.....
 Magic Dart               Conj           #...         50%         1    ##.....
 Sandblast                Erth           #.....       50%         1    ##.....
 Summon Butterflies       Summ           #.......     50%         1    ##.....
 Call Imp                 Summ           #.......     65%         2    ###....
 Searing Ray              Conj           #.....       65%         2    ###....
 Slow                     Hex            #.......     65%         2    ###....
 Song of Slaying          Chrm           #.......     65%         2    ###....
 Confuse                  Hex            #.......     86%         3    ####...
 Conjure Flame            Conj/Fire      #.......     86%         3    ####...
 Dazzling Spray           Conj/Hex       #.....       86%         3    ####...
 Inner Flame              Hex/Fire       #.......     86%         3    ####...
 Mephitic Cloud           Conj/Pois/Air  #.......     86%         3    ####...
 Summon Guardian Golem    Hex/Summ       #.......     86%         3    ####...
 Fulminant Prism          Conj/Hex       #.........   99%         4    #####..
 Iskenderun's Mystic Bla  Conj           #.......     99%         4    #####..
 Bolt of Magma            Conj/Fire/Erth #.........   100%        5    ######.
 Shadow Creatures         Summ           N/A          100%        6    #######
 Ring of Flames           Chrm/Fire      #.........   100%        7    #######
 Ignition                 Fire           #.........   100%        8    #######
 Blink                    Tloc           Unusable     N/A         2    N/A
 Gell's Gravitas          Tloc           Unusable     N/A         3    N/A
 Force Lance              Conj/Tloc      Unusable     N/A         4    N/A
 Petrify                  Tmut/Erth      Unusable     N/A         4    N/A
 Metabolic Englaciation   Hex/Ice        Unusable     N/A         5    N/A
 Yara's Violent Unravell  Hex/Tmut       Unusable     N/A         5    N/A

Dungeon Overview and Level Annotations

Branches:
Dungeon (15/15)            Temple (1/1) D:6            Lair (6/6) D:8
 Shoals (0/4) Lair:3       Spider (3/4) Lair:4        Slime (0/5) Lair:5
    Orc (2/2) D:10            Elf (0/3) Orc:2        Vaults (0/5) D:13
 Depths (0/5) D:15

Altars:
Ashenzari
Cheibriados
Elyvilon
Hepliaklqana
Makhleb
Qazlal
Ru
Sif Muna
Trog
Uskayaw
Xom
Zin
The Shining One
Jiyva

Shops:
D:14 !   Orc:2 **(?

Portals:
Hell: Lair:6

Annotations:
D:14 Louise


Innate Abilities, Weirdness & Mutations

You are too large for most types of armour.
You have claws for hands.
Your metabolism is lightning-fast.
You like to eat raw meat.
Your natural rate of healing is unusually fast.
You are covered in fur. (AC +1)
You have extremely tough skin. (AC +3)
You are weak. (Str -2)
You are missing a hand.
You cannot study or cast Ice magic.
You cannot study or cast Translocations magic.
You cannot study or cast Transmutations magic.
You are somewhat inexperienced. (-2 XL)
Scrolls take you a little longer to read.
You possess an exceptional clarity of mind.
Your system is resistant to poisons. (rPois)
You are robust. (+10% HP)


Message History

The jumping spider leaps!
The wolf spider completely misses you. The wolf spider bites you.
* * * LOW HITPOINT WARNING * * *
The jumping spider leaps!
The jumping spider begins to attack, but is stunned by your will!
The jumping spider leaps!
You redirect the jumping spider's attack!
The jumping spider begins to attack, but is stunned by your will!
The tarantella is no longer moving slowly.
The jumping spider leaps!
The emperor scorpion stings you!!
* * * LOW HITPOINT WARNING * * *
You focus your will and blind the emperor scorpion in retribution!
The emperor scorpion closely misses you. x2
The wolf spider hits you!
* * * LOW HITPOINT WARNING * * *
The wolf spider closely misses you.
You claw the emperor scorpion!
The emperor scorpion is heavily wounded.
The jumping spider begins to attack, but is stunned by your will!
The wolf spider hits you but does no damage.
The wolf spider completely misses you.
The emperor scorpion is stunned by your will and fails to attack.
You mangle the emperor scorpion!!
The emperor scorpion is severely wounded.
The wolf spider hits you.
* * * LOW HITPOINT WARNING * * *
The wolf spider completely misses you.
You catch the helpless emperor scorpion completely off-guard!
You scratch the emperor scorpion but do no damage.
The emperor scorpion is severely wounded.
You strike the helpless emperor scorpion from behind!
You claw the emperor scorpion!
The emperor scorpion is almost dead.
You strike the helpless emperor scorpion from behind!
You scratch the emperor scorpion but do no damage.
The emperor scorpion is almost dead.
The jumping spider leaps! x2
You mangle the emperor scorpion!!
You kill the emperor scorpion!
Your Unarmed Combat skill increases to level 20!
Aiming: Power Leap
Press: ? - help, Dir - move target cursor You kill the jumping spider!
You kill the tarantella!
The wolf spider hits you.
* * * LOW HITPOINT WARNING * * *
The wolf spider closely misses you. The wolf spider hits you!
* * * LOW HITPOINT WARNING * * *
The wolf spider closely misses you. The wolf spider hits you!
* * * LOW HITPOINT WARNING * * *
The wolf spider bites you.
* * * LOW HITPOINT WARNING * * *
The wolf spider completely misses you.
The wolf spider bites you but does no damage.
You mangle the wolf spider!!
You kill the wolf spider!
The wolf spider hits you!
* * * LOW HITPOINT WARNING * * *
The wolf spider bites you.
* * * LOW HITPOINT WARNING * * *
The jumping spider leaps!
You barely miss the wolf spider.
The wolf spider is severely wounded.
The wolf spider hits you!!
You die...

.#....###...........†.†.
..........#........^....
#.........#..#....†..#...
#..........###......)......
...........##.#..........†#
...##.#...................#
..........#..........[....^
......s..†...###..........#
......#...@†#.#............
#..#....s#.#.............
##......##...#.........#
#.......^##..^..#.......
......#°.........#......^.#
........†.......!.........#
..........................#
..s#..#.....#.........#...#
.#.#..#.#^.................


You could see a wolf spider and a jumping spider.

Vanquished Creatures
  Mara (Spider:3)
  Jorgrun (Orc:2)
  Kirke (D:14)
  An emperor scorpion (Spider:3)
  A stone giant (D:9)
  Nessos (Orc:2)
  The ghost of Bugas the Nimble, a journeyman HaHu of Dithmenos (D:14)
  2 entropy weavers (Spider:1)
  A dire elephant (Lair:6)
  An eidolon (Abyss:2)
  A yaktaur captain (D:9)
  A quicksilver dragon zombie (Abyss:2)
  12 hydras
  4 vault guards (D:13)
  Harold (D:9)
  A hell beast (Lair:6)
  Erolcha (D:12)
  The ghost of Esekla the Thaumaturge, a journeyman DEWz of Vehumet (Spider:1)
  8 two-headed ogres
  3 centaur warriors
  A catoblepas (Lair:6)
  A death yak (Lair:6)
  A queen ant (Spider:1)
  An ogre mage (D:15)
  Urug (D:12)
  2 thrashing horrors (Abyss:2)
  4 orc high priests (Orc:2)
  2 wretched stars (Abyss:2)
  2 large abominations (Abyss:2)
  A wizard (Lair:6)
  9 orb spiders
  Pikel (D:7)
  2 orc sorcerers
  7 ugly things
  An oklob plant (Lair:1)
  A moth of wrath (shapeshifter) (D:15)
  A shining eye (shapeshifter) (D:15)
  A deep elf mage (D:14)
  A worldbinder (Abyss:2)
  3 cyclopes
  A salamander (D:15)
  A moth of wrath (Spider:1)
  12 wolf spiders
  A manticore (D:15)
  6 elephants
  An apocalypse crab (Abyss:2)
  5 black mambas
  An orange demon (Lair:6)
  10 spiny frogs
  A kobold demonologist (D:12)
  3 rime drakes
  A torpor snail (Lair:5)
  6 demonic crawlers
  10 komodo dragons
  A hellwing (Lair:6)
  17 jumping spiders
  4 ice devils (Lair:6)
  A red devil (Lair:6)
  2 merfolk
  A meliai (D:14)
  A polar bear (Lair:4)
  6 trolls
  2 queen bees
  4 hornets
  3 slime creatures (D:13)
  A dream sheep (Lair:3)
  A snapping turtle (Lair:3)
  13 hippogriffs
  10 raiju (Abyss:2)
  11 blink frogs
  13 tarantellas
  A centaur simulacrum (D:14)
  3 wyverns
  26 redbacks
  Sigmund (D:4)
  2 small abominations (Abyss:2)
  2 basilisks
  A hog (D:14)
  8 humans (D:13)
  70 yaks
  Grum (D:10)
  2 neqoxecs (Abyss:2)
  5 vampire mosquitoes
  2 wargs (Orc:2)
  An acid dragon (D:15)
  9 soldier ants (Spider:1)
  11 water moccasins
  4 insubstantial wisps (Abyss:2)
  4 hell hounds (Lair:6)
  15 orc warriors
  2 porcupines (Lair:1)
  2 black bears
  An ice beast (D:15)
  A black bear (shapeshifter) (D:15)
  A necrophage (D:10)
  9 ogres
  4 sky beasts
  3 slaves (D:7)
  12 wolves
  26 centaurs
  13 crocodiles
  4 big kobolds
  A gnoll sergeant (D:5)
  13 bullfrogs
  A wyvern zombie (D:9)
  3 scorpions
  43 killer bees
  11 wights
  5 electric eels
  6 howler monkeys
  3 centaur zombies
  3 bullfrog zombies
  8 crimson imps
  2 quasits
  21 orc priests
  A bullfrog skeleton (D:5)
  2 hounds
  A jelly (D:10)
  2 centaur skeletons
  24 orc wizards
  4 iguanas
  Natasha (thrice) (D:4)
  29 worker ants
  A hound zombie (D:5)
  3 hound skeletons
  2 worker ant zombies
  6 gnolls
  12 adders
  9 shadow imps
  A white imp (Abyss:2)
  An ufetubus (Abyss:2)
  An adder zombie (D:5)
  3 adder skeletons
  A worm (D:5)
  3 dart slugs
  4 leopard geckos
  46 orcs
  3 ball pythons
  4 giant cockroaches
  9 goblins
  7 hobgoblins
  11 jackals
  2 quokkas
  6 bats
  4 frilled lizards
  A jackal skeleton (D:6)
  A jackal zombie (D:5)
  15 kobolds
  6 rats
  9 fungi
  4 plants
844 creatures vanquished.

Vanquished Creatures (others)
  A catoblepas (D:13)
  A two-headed ogre (Orc:1)
  2 humans (D:14)
  A slave (D:7)
  A centaur (D:14)
  A big kobold (D:12)
  An orc (Orc:2)
  3 fungi
  3 plants
14 creatures vanquished.

Grand Total: 858 creatures vanquished

Notes
Turn   | Place    | Note
-------+----------+-------------------------------------------
     0 | D:1      | Amnesiac the Troll Monk began the quest for the Orb.
     0 | D:1      | Reached XP level 1. HP: 22/22 MP: 0/0
    69 | D:1      | Reached XP level 2. HP: 29/29 MP: 1/1
   197 | D:2      | Found a glowing golden altar of the Shining One.
   211 | D:3      | Reached skill level 4 in Unarmed Combat
   250 | D:4      | Found a snail-covered altar of Cheibriados.
   320 | D:5      | Entered Level 5 of the Dungeon
   356 | D:4      | Reached XP level 3. HP: 36/36 MP: 2/2
   431 | D:4      | Reached skill level 5 in Unarmed Combat
   431 | D:4      | Reached XP level 4. HP: 37/44 MP: 3/3
   563 | D:4      | Reached XP level 5. HP: 48/50 MP: 4/4
   566 | D:4      | Noticed Natasha
   570 | D:4      | Killed Natasha
   570 | D:4      | Reached skill level 6 in Unarmed Combat
   781 | D:4      | Noticed Sigmund
   792 | D:4      | Killed Sigmund
   792 | D:4      | Reached skill level 7 in Unarmed Combat
   792 | D:4      | Reached XP level 6. HP: 36/59 MP: 5/5
  1047 | D:4      | Noticed Natasha
  1061 | D:4      | Killed Natasha
  1070 | D:4      | Noticed Natasha
  1077 | D:4      | Killed Natasha
  1090 | D:5      | Found a shattered altar of Ashenzari.
  1244 | D:5      | Reached skill level 8 in Unarmed Combat
  1256 | D:5      | Noticed Edmund
  1264 | D:5      | Noticed Edmund
  1264 | D:5      | Edmund changed into Edmund the crocodile
  1268 | D:5      | Killed Edmund the crocodile
  1268 | D:5      | Reached XP level 7. HP: 38/66 MP: 6/6
  1511 | D:5      | Reached skill level 1 in Evocations
  1513 | D:5      | Got a clouded platinum ring
  1514 | D:5      | Identified the ring "Puozxih" {MR+ Int+6 Stlth+} (You found
                  | it on level 5 of the Dungeon)
  1723 | D:5      | Found a sacrificial altar of Ru.
  1930 | D:5      | Became a worshipper of Ru the Awakened
  1952 | D:5      | Gained mutation: You are missing a hand. [Ru sacrifice]
  1952 | D:5      | Reached * piety under Ru
  1952 | D:5      | Reached ** piety under Ru
  3013 | D:2      | Found a glowing silver altar of Zin.
  3342 | D:3      | Gained mutation: You are somewhat inexperienced. (-2 XL)
                  | [Ru sacrifice]
  3342 | D:3      | Reached XP level 6. HP: 61/61 MP: 6/6
  3342 | D:3      | Reached XP level 5. HP: 53/53 MP: 5/5
  3342 | D:3      | Reached *** piety under Ru
  3342 | D:3      | Reached **** piety under Ru
  3342 | D:3      | Reached ***** piety under Ru
  3824 | D:6      | Reached XP level 6. HP: 61/61 MP: 6/6
  3856 | D:6      | Found a hide-covered altar of Uskayaw.
  3937 | D:6      | Found a staircase to the Ecumenical Temple.
  3973 | D:6      | Noticed an orc warrior
  3997 | D:14     | Identified a paperback manual
  3997 | Temple   | Entered the Ecumenical Temple
  4049 | D:6      | Killed an orc warrior
  4049 | D:6      | Reached skill level 9 in Unarmed Combat
  4049 | D:6      | Reached XP level 7. HP: 18/67 MP: 7/7
  4155 | D:6      | Got a slimy silver ring
  4263 | D:6      | Found a shimmering blue altar of Sif Muna.
  4263 | D:6      | Found a burning altar of Makhleb.
  4272 | D:6      | Identified the ring of Peileoxu {Dex+5 SInv} (You found it
                  | on level 6 of the Dungeon)
  4278 | D:6      | Gained mutation: You are robust. (+10% HP) [potion of
                  | mutation]
  4278 | D:6      | Gained mutation: You possess an exceptional clarity of
                  | mind. [potion of mutation]
  4278 | D:6      | Gained mutation: Your system is resistant to poisons.
                  | (rPois) [potion of mutation]
  4280 | D:6      | Found a bloodstained altar of Trog.
  4327 | D:6      | Found a white marble altar of Elyvilon.
  4702 | D:7      | Reached XP level 8. HP: 83/85 MP: 8/8
  4708 | D:7      | Noticed Pikel
  4724 | D:7      | Killed Pikel
  4724 | D:7      | Reached skill level 10 in Unarmed Combat
  4743 | D:7      | Got an ancient robe
  4765 | D:7      | Identified the +1 robe of Altruism {rPois rF++ Str+3} (You
                  | found it on level 7 of the Dungeon)
  4949 | D:7      | Gained mutation: You cannot study or cast Ice magic. [Ru
                  | sacrifice]
  4949 | D:7      | Gained mutation: You cannot study or cast Transmutations
                  | magic. [Ru sacrifice]
  4949 | D:7      | Gained mutation: You cannot study or cast Translocations
                  | magic. [Ru sacrifice]
  5206 | D:8      | Found a staircase to the Lair.
  5268 | D:8      | Noticed a two-headed ogre
  5273 | D:8      | Killed a two-headed ogre
  5273 | D:8      | Reached XP level 9. HP: 72/95 MP: 10/10
  5289 | D:8      | Reached skill level 5 in Fighting
  5289 | D:8      | Reached skill level 5 in Dodging
  5359 | D:8      | Reached skill level 11 in Unarmed Combat
  5409 | D:8      | Found a shimmering altar of Xom.
  5478 | D:8      | Found a stormy altar of Qazlal.
  5960 | D:9      | Reached XP level 10. HP: 96/105 MP: 12/12
  5979 | D:9      | Noticed a two-headed ogre
  5995 | D:9      | Killed a two-headed ogre
  6188 | D:9      | Noticed a two-headed ogre
  6195 | D:9      | Killed a two-headed ogre
  6204 | D:9      | Noticed a yaktaur captain
  6217 | D:9      | Killed a yaktaur captain
  6217 | D:9      | Reached skill level 12 in Unarmed Combat
  6217 | D:9      | Reached skill level 5 in Evocations
  6246 | D:9      | Got a smoking granite ring
  6252 | D:9      | Identified the ring "Nuerch" {rN+ Str+7 Int-4} (You found
                  | it on level 9 of the Dungeon)
  6393 | D:9      | Noticed a stone giant
  6752 | D:9      | Noticed Harold
  6766 | D:9      | Killed Harold
  6920 | D:9      | Reached XP level 11. HP: 64/117 MP: 13/13
  6998 | D:9      | Noticed a four-headed hydra
  7007 | D:9      | Killed a four-headed hydra
  7117 | D:9      | Noticed a centaur warrior
  7125 | D:9      | Killed a centaur warrior
  7159 | D:9      | Killed a stone giant
  7159 | D:9      | Reached skill level 13 in Unarmed Combat
  7318 | D:9      | Got a shimmering hand axe
  7414 | D:10     | Entered Level 10 of the Dungeon
  7439 | D:10     | Gained mutation: You are weak. (Str -2) [Ru sacrifice]
  7439 | D:10     | Reached ****** piety under Ru
  7473 | D:10     | Found a staircase to the Orcish Mines.
  7708 | D:10     | Found a hazy altar of Hepliaklqana.
  7778 | D:10     | Noticed Grum
  7786 | D:10     | Killed Grum
  8097 | D:11     | Noticed a two-headed ogre
  8105 | D:11     | Killed a two-headed ogre
  8131 | D:11     | Noticed an eight-headed hydra
  8375 | D:11     | You fall into a shaft and drop 3 floors!
  8395 | D:14     | Noticed a seven-headed hydra
  8404 | D:14     | Killed a seven-headed hydra
  8515 | D:13     | Reached skill level 14 in Unarmed Combat
  8515 | D:13     | Reached XP level 12. HP: 83/130 MP: 14/14
  8559 | D:12     | Noticed a centaur warrior
  8570 | D:12     | Killed a centaur warrior
  8736 | D:11     | Killed an eight-headed hydra
  8924 | D:12     | Noticed Urug
  8933 | D:12     | Killed Urug
  9193 | D:12     | Noticed Erolcha
  9198 | D:12     | Killed Erolcha
  9549 | D:13     | Noticed a catoblepas
  9557 | D:13     | Killed a catoblepas
  9608 | D:13     | Noticed a vault guard
  9608 | D:13     | Noticed a vault guard
  9614 | D:13     | Reached skill level 15 in Unarmed Combat
  9614 | D:13     | Noticed a vault guard
  9615 | D:13     | Killed a vault guard
  9618 | D:13     | Killed a vault guard
  9623 | D:13     | Noticed a vault guard
  9638 | D:13     | Killed a vault guard
  9650 | D:13     | Killed a vault guard
  9700 | D:13     | Found a gate to the Vaults.
  9848 | D:13     | Noticed a five-headed hydra
  9852 | D:13     | Killed a six-headed hydra
  9852 | D:13     | Reached XP level 13. HP: 79/144 MP: 15/15
 10376 | D:14     | Found Otsotzua's Distillery.
 10384 | D:14     | Bought a potion of magic for 128 gold pieces
 10384 | D:14     | Bought a potion of degeneration for 16 gold pieces
 10391 | D:14     | Noticed Bugas's ghost (journeyman HaHu)
 10818 | D:14     | Noticed Kirke
 10829 | D:14     | Killed Kirke
 10829 | D:14     | Reached skill level 16 in Unarmed Combat
 10878 | D:14     | Identified the Volume of the Assistive Volcanoes
 10967 | D:14     | Noticed Louise
 10991 | D:14     | Cast into level 2 of the Abyss (Louise)
 11373 | Abyss:2  | HP: 7/145 [thrashing horror (12)]
 11415 | Abyss:2  | Noticed an eidolon
 11421 | Abyss:2  | Killed an eidolon
 11423 | D:14     | Escaped the Abyss
 11509 | D:14     | Found a transporter.
 11513 | D:14     | Found a transporter.
 11673 | D:14     | Reached skill level 10 in Fighting
 11714 | D:14     | Killed Bugas's ghost
 11714 | D:14     | Reached skill level 10 in Dodging
 11807 | D:14     | Identified the Tome of the Supportive Rocks
 11851 | D:15     | Entered Level 15 of the Dungeon
 11903 | D:15     | Found a staircase to the Depths.
 11908 | D:15     | Reached XP level 14. HP: 131/157 MP: 16/16
 12012 | D:15     | Reached skill level 17 in Unarmed Combat
 12523 | D:15     | Gained mutation: Scrolls take you a little longer to read.
                  | [a shining eye]
 12856 | Orc:1    | Entered Level 1 of the Orcish Mines
 13152 | Orc:2    | Entered Level 2 of the Orcish Mines
 13214 | Orc:2    | Noticed Nessos
 13229 | Orc:2    | Killed Nessos
 13247 | Orc:2    | Noticed Jorgrun
 13390 | Orc:2    | Killed Jorgrun
 13402 | Orc:2    | Found Vuwik's Assorted Antiques.
 13402 | Orc:2    | Found Dahunixy's Assorted Antiques.
 13403 | Orc:2    | Found Ycei's Weapon Shoppe.
 13435 | Orc:2    | Found Agoim's Magic Scroll Shoppe.
 13508 | Orc:2    | Bought a glowing wooden wand for 88 gold pieces
 13508 | Orc:2    | Bought 2 potions of heal wounds for 220 gold pieces
 13509 | Orc:2    | Bought a scroll of fear for 49 gold pieces
 13522 | Orc:2    | Bought a scroll labeled JIQUDE KELOO for 23 gold pieces
 13522 | Orc:2    | Bought a tourmaline ring for 115 gold pieces
 13691 | Orc:2    | Found a staircase to the Elven Halls.
 14092 | Lair:1   | Entered Level 1 of the Lair of Beasts
 14900 | Lair:2   | Reached skill level 18 in Unarmed Combat
 15651 | Lair:3   | Found a staircase to the Shoals.
 15975 | Lair:3   | Reached XP level 15. HP: 168/168 MP: 17/17
 17202 | Orc:2    | Bought the +4 moon troll leather armour {Spirit, Regen++
                  | MP+5} for 1253 gold pieces
 17202 | Orc:2    | Found the +4 moon troll leather armour {Spirit, Regen++
                  | MP+5}
 17605 | Lair:4   | Found a hole to the Spider Nest.
 18062 | Lair:5   | Found a staircase to the Slime Pits.
 18063 | Lair:5   | Found a viscous altar of Jiyva.
 18741 | Lair:6   | Entered Level 6 of the Lair of Beasts
 19081 | Lair:6   | Found a burning altar of Makhleb.
 19102 | Lair:6   | Reached skill level 19 in Unarmed Combat
 19147 | Lair:6   | Found a gateway to Hell.
 19717 | Spider:1 | Entered Level 1 of the Spider Nest
 20053 | Spider:1 | Found a transporter.
 20057 | Spider:1 | Noticed Esekla's ghost (journeyman DEWz)
 20191 | Spider:1 | Reached XP level 16. HP: 148/181 MP: 18/18
 20438 | Spider:1 | Found a transporter.
 20457 | Spider:1 | Paralysed by a hornet for 2 turns
 20488 | Spider:1 | Killed Esekla's ghost
 21256 | Spider:3 | Noticed Mara
 21285 | Spider:3 | Noticed Amnesiac's illusion
 21286 | Spider:3 | Killed Mara
 21308 | Spider:3 | HP: 8/181 [wolf spider (9)]
 21309 | Spider:3 | HP: 2/181 [tarantella (7)]
 21314 | Spider:3 | HP: 9/181 [tarantella (14)]
 21488 | Spider:3 | Reached skill level 20 in Unarmed Combat
 21491 | Spider:3 | Slain by a wolf spider

Levels and vault maps discovered:
D:1:      minmay_arrival_open_corners, layout_loops_ring
D:2:      kennysheep_six_static_rooms, layout_rooms, tso_metal_star,
          overflow_temple_1_default
D:3:      layout_rooms, grunt_ministairs_10
D:4:      layout_basic, lemuel_doored_altar, first_ration, uniq_natasha,
          uniq_sigmund
D:5:      layout_loops_ring, ashenzari_conservatory_becter, marbit_many_paths,
          uniq_edmund
D:6:      layout_cave_pools, minitemple, lemuel_crystal_altar, elyvilon_altar_5,
          minmay_temple_entry_arrows
D:7:      layout_loops_ring, uniq_pikel
D:8:      layout_basic, nicolae_overflow_crystal_walls, lemuel_round_altar,
          lair_entry_dummy
D:9:      minmay_chopped_fan, layout_basic, hangedman_fish_farm,
          kennysheep_generic_room_3, uniq_harold
D:10:     layout_gridville, orc_0_dummy, basic_altar, uniq_grum
D:11:     layout_cross
D:12:     layout_gridville, uniq_erolcha, uniq_urug
D:13:     layout_gridville, ximxim_vaults_locker_room
D:14:     layout_basic, chequers_mini_garden, serial_shops, shop,
          gammafunk_ghost_hive, uniq_louise, uniq_kirke
D:15:     hangedman_depths_entry_try_elsewhere_first, layout_loops_ring,
          serial_bayou_shore_b
Temple:   jpeg_temple_alley_garden
Lair:1:   layout_gridlike, special_room [special_room_bee],
          minmay_lair_oklob_chamber
Lair:2:   layout_misc_corridors, minivault_23, chequers_serial_rivers_micro_e,
          st_stairs_9
Lair:3:   layout_small_grid, minmay_shoals_entry_hut, fungi_pond_lemuel,
          eino_small_chamber_without_monster, beast_lair_carwin_4,
          wad_woods_river_01
Lair:4:   layout_regular_city, spider_nest_entry_webs, grunt_megastairs_3
Lair:5:   layout_gridlike, slime_altar_1, serial_bayou_shore_a
Lair:6:   evil_forest, layout_misc_corridors
Spider:1: layout_spider_delve, gammafunk_ghost_berserking_beasts,
          minmay_another_anthill
Spider:2: layout_spider_delve
Spider:3: layout_spider_delve, nicolae_spider_shape,
          hangedman_spider_tarantella_strand, nicolae_spider_cling_halls,
          uniq_mara
Orc:1:    layout_caves
Orc:2:    st_orc_mages, layout_caves, nicolae_orc_stony_grotto, uniq_nessos,
          uniq_jorgrun

Skill      XL: |  1  2  3  4  5  6  7  8  9 10 11 12 13 14 15 16 |
---------------+-------------------------------------------------+-----
Unarmed Combat | 4 5 7 9 10 11 12 14 15 16 18 19 20 | 20.0
Evocations     | 2 1 3 4 5 |  5.0
Dodging        | 3 4 5 6 7 8 10 11 12 | 12.3
Fighting       | 3 4 5 6 7 9 10 11 12 | 12.3
Stealth        | |  1.0

Action                   |  1- 3 |  4- 6 |  7- 9 | 10-12 | 13-15 | 16-18 || total
-------------------------+-------+-------+-------+-------+-------+-------++-------
Melee: Unarmed           |    53 |   102 |   270 |   455 |  1146 |   176 ||  2202
       Punch             |     2 |     2 |     2 |       |       |       ||     6
Invok: Sacrifice Experie |       |     1 |       |       |       |       ||     1
       Power Leap        |       |     1 |       |     8 |     9 |     2 ||    20
       Sacrifice a Hand  |       |       |     1 |       |       |       ||     1
       Sacrifice Arcana  |       |       |     1 |       |       |       ||     1
       Apocalypse        |       |       |     2 |       |     8 |       ||    10
       Sacrifice Purity  |       |       |       |     1 |       |       ||     1
       Draw Out Power    |       |       |       |       |     1 |       ||     1
Evoke: Wand              |       |     4 |       |    21 |    34 |       ||    59
  Use: Scroll            |       |       |    15 |     4 |     4 |       ||    23
       Potion            |       |       |     5 |       |     6 |     3 ||    14
 Stab: Sleeping          |       |     4 |     9 |     2 |     5 |       ||    20
       Invisible         |       |     1 |       |     7 |    12 |     3 ||    23
       Distracted        |       |       |     1 |     3 |     9 |     2 ||    15
       Paralysed         |       |       |       |     3 |    38 |     4 ||    45
  Eat: Chunk             |     9 |    14 |    33 |    39 |    94 |     9 ||   198
Armor: Robe              |    36 |    14 |    61 |   104 |   111 |       ||   326
       Troll leather arm |       |       |       |       |    90 |    52 ||   142
Dodge: Dodged            |    38 |    44 |   112 |   279 |   676 |   162 ||  1311

Table legend:
 A = Non-vault XP
 B = Vault XP
 C = Vault XP percentage of total XP
 D = Non-vault monster count
 E = Vault monster count
 F = Vault count percentage of total count
                 A         B        C        D         E       F
            +---------+---------+-------+---------+---------+-------
      Total |  115424 |   66532 |  36.6 |     607 |     224 |  27.0
            +---------+---------+-------+---------+---------+-------
        D:1 |      43 |       0 |   0.0 |      23 |       0 |   0.0
        D:2 |      84 |      21 |  20.0 |      16 |       6 |  27.3
        D:3 |      61 |      15 |  19.7 |      11 |       2 |  15.4
        D:4 |     265 |     247 |  48.2 |      14 |       2 |  12.5
        D:5 |     517 |     101 |  16.3 |      27 |       1 |   3.6
        D:6 |     556 |       0 |   0.0 |      20 |       0 |   0.0
        D:7 |     810 |     607 |  42.8 |      16 |       1 |   5.9
        D:8 |    2343 |       0 |   0.0 |      25 |       0 |   0.0
        D:9 |    3722 |    6638 |  64.1 |      20 |      15 |  42.9
       D:10 |    2611 |     639 |  19.7 |      21 |       5 |  19.2
       D:11 |    2972 |       0 |   0.0 |      19 |       0 |   0.0
       D:12 |    5585 |    1830 |  24.7 |      44 |       2 |   4.3
       D:13 |    5908 |    5199 |  46.8 |      27 |      12 |  30.8
       D:14 |    7358 |    5411 |  42.4 |      32 |      14 |  30.4
       D:15 |    7269 |    1991 |  21.5 |      18 |       4 |  18.2
     Temple |      90 |       0 |   0.0 |       1 |       0 |   0.0
     Lair:1 |    3018 |    2770 |  47.9 |      14 |      28 |  66.7
     Lair:2 |    4864 |     449 |   8.5 |      18 |       2 |  10.0
     Lair:3 |    7157 |    3596 |  33.4 |      29 |      12 |  29.3
     Lair:4 |    6874 |    1105 |  13.8 |      24 |       7 |  22.6
     Lair:5 |    5846 |       0 |   0.0 |      23 |       0 |   0.0
     Lair:6 |    8109 |   10228 |  55.8 |      26 |      26 |  50.0
   Spider:1 |   10299 |    8264 |  44.5 |      31 |      40 |  56.3
   Spider:2 |    5696 |       0 |   0.0 |      20 |       0 |   0.0
   Spider:3 |    8933 |    7775 |  46.5 |      19 |       7 |  26.9
      Orc:1 |    1841 |       0 |   0.0 |      17 |       0 |   0.0
      Orc:2 |    1658 |    9646 |  85.3 |      22 |      38 |  63.3
    Abyss:2 |   10935 |       0 |   0.0 |      30 |       0 |   0.0
            +---------+---------+-------+---------+---------+-------
